Map: Romanticide LE

Players

SKillous

  • Race: Protoss Protoss
  • League: Grandmaster

Geralt (Gerald) - Winner!

  • Race: Protoss Protoss
  • League: Grandmaster

Event: DreamHack SC2 Masters 2021 Summer

VOD

Have the link to the VOD?

Description

Time

  • Played on: May 25, 2021, 1:11 p.m.
  • Length: 7:51

All games in this series

Show
View Real Time Build Order
Export as new Build Order

SKillous Protoss 

Build Orders:  

Get SALT Encoding   

  12  0:00  Probe  
  13  0:12  Probe  
  14  0:17  Pylon  
  14  0:24  Probe (Chrono Boost)  
  15  0:36  Probe (Chrono Boost)  
  15  0:37  Gateway  
  16  0:45  Probe (Chrono Boost)  
  16  0:46  Assimilator  
  17  0:51  Probe  
  18  0:57  Assimilator  
  18  1:03  Probe (Chrono Boost)  
  19  1:07  Gateway  
  19  1:12  Probe (Chrono Boost)  
  19  1:17  Probe (Chrono Boost)  
  21  1:28  Cybernetics Core  
  21  1:29  Probe  
  22  1:34  Pylon  
  22  1:41  Probe  
  23  1:53  Probe  
  24  2:04  Stalker x2, Warp Gate  
  29  2:20  Pylon  
  29  2:22  Pylon  
  28  2:34  Stalker  
  30  2:38  Stalker  
  30  2:40  Robotics Facility  
  32  2:45  Shield Battery  
  32  2:52  Gateway  
  32  3:04  Stalker  
  34  3:10  Stalker  
  36  3:14  Shield Battery  
  36  3:17  Pylon  
  35  3:28  Warp Prism (Chrono Boost)  
  37  3:41  Shield Battery  
  37  3:51  Shield Battery  
  37  3:52  Stalker  
  37  3:55  Stalker  
  41  4:01  Shield Battery  
  39  4:05  Stalker  
  41  4:15  Observer  
  41  4:16  Probe, Pylon  
  42  4:24  Sentry  
  44  4:35  Stalker  
  44  4:36  Stalker  
  49  4:45  Pylon  
  47  4:57  Adept  
  47  4:58  Adept  
  47  4:59  Sentry  
  53  5:00  Probe  
  55  5:16  Immortal (Chrono Boost)  
  57  5:28  Adept  
  57  5:29  Adept  
  61  5:36  Pylon  
  61  5:57  Observer  
  61  5:58  Immortal  
  65  6:08  Observer  
  65  6:18  Robotics Bay  
  65  6:21  Adept x3  
  71  6:28  Pylon  
  71  6:36  Pylon  
  68  6:57  Adept x2  
  68  6:58  Adept  
  68  6:59  Warp Prism (Chrono Boost)  
  40  7:35  Observer (Chrono Boost)  
  40  7:36  Probe  
  36  7:41  Nexus  
Show
View Real Time Build Order
Export as new Build Order

Geralt Protoss - Winner!

Build Orders:  

Get SALT Encoding   

  12  0:00  Probe  
  13  0:12  Probe  
  14  0:17  Pylon  
  14  0:24  Probe (Chrono Boost)  
  16  0:36  Gateway  
  16  0:37  Probe (Chrono Boost)  
  16  0:42  Probe (Chrono Boost)  
  16  0:46  Assimilator  
  17  0:52  Probe (Chrono Boost)  
  17  0:54  Assimilator  
  18  1:04  Probe (Chrono Boost)  
  19  1:13  Probe (Chrono Boost)  
  19  1:16  Gateway  
  20  1:18  Probe  
  20  1:24  Cybernetics Core  
  21  1:30  Probe  
  22  1:36  Pylon  
  22  1:43  Probe  
  23  1:55  Probe  
  23  1:58  Warp Gate (Chrono Boost)  
  24  2:02  Adept x2  
  24  2:07  Probe  
  29  2:13  Pylon  
  29  2:16  Pylon  
  29  2:24  Probe  
  30  2:32  Stalker x2  
  34  2:44  Probe  
  35  2:54  Shield Battery  
  35  2:57  Probe  
  36  3:03  Shield Battery  
  36  3:04  Stalker  
  38  3:09  Probe  
  38  3:22  Robotics Facility  
  38  3:23  Pylon  
  38  3:41  Shield Battery  
  38  3:46  Stalker, Sentry  
  42  4:03  Shield Battery  
  42  4:05  Gateway  
  42  4:08  Immortal (Chrono Boost)  
  44  4:19  Stalker  
  44  4:22  Pylon  
  46  4:42  Immortal  
  46  4:44  Stalker x2  
  54  5:05  Pylon  
  54  5:10  Pylon  
  54  5:24  Twilight Council  
  54  5:25  Warp Prism (Chrono Boost)  
  56  5:37  Pylon  
  56  5:55  Blink (Chrono Boost)  
  56  6:00  Observer  
  56  6:03  Stalker x3  
  61  6:21  Nexus  
  61  6:35  Stalker x3  
  61  6:38  Probe  
  61  6:39  Observer  
  69  6:42  Pylon  
  69  7:12  Stalker x2  
  69  7:13  Stalker  
  63  7:23  Probe  
  60  7:36  Probe  
  62  7:37  Stalker  
Tags
 
Add a new tag
Caveats
  • Supply blocks, unpowered buildings, or Contaminate may cause inaccurate times.
  • Supply counts are checked every 10 seconds.